 Dungeon Crawl Stone Soup version 0.31-a0-1074-g0b22e4e0f1 (webtiles) character file.

Game seed: 2384389805859491049

6747 tbh1313 the Geomancer (level 11, -9/54 HPs)
             Began as a Gargoyle Earth Elementalist on Dec 8, 2023.
             Was an Elder of Sif Muna.
             Killed from afar by a gargoyle (24 damage)
             ... with a stone arrow
             ... on level 10 of the Dungeon.
             The game lasted 00:32:03 (10987 turns).

tbh1313 the Geomancer (GrEE)                       Turns: 10987, Time: 00:32:04

Health: -9/54      AC: 22    Str: 12    XL:     11   Next: 4%
Magic:  19/21      EV: 12    Int: 20    God:    Sif Muna [****..]
Gold:   205        SH:  5    Dex: 10    Spells: 19/23 levels left

rFire   . . .        a - +0 quick blade (freeze)
rCold   . . .        x - +0 buckler
rNeg    + . .        k - +0 robe
rPois   ∞            c - +0 helmet
rElec   +            e - +0 cloak
rCorr   .            C - +2 pair of gloves
SInv    .            F - +2 pair of boots
Will    .....        (no amulet)
Stlth   +++          o - +4 ring of protection
HPRegen 0.29/turn    (no ring)
MPRegen 0.17/turn

%: no passive effects
@: mighty
A: sickness immunity, AC +8, negative energy resistance 1, electricity
resistance, torment resistance 1, petrification resistance
a: Renounce Religion, Channel Magic, Forget Spell, Divine Exegesis


You were on level 10 of the Dungeon.
You worshipped Sif Muna.
Sif Muna was greatly pleased with you.
You visited 1 branch of the dungeon, and saw 10 of its levels.
You also visited: Sewer and Ossuary.

You collected 746 gold pieces.
You spent 541 gold pieces at shops.

Inventory:

Hand Weapons
 a - a +0 quick blade of freezing (weapon)
 D - a +0 short sword of holy wrath
Missiles
 H - 3 throwing nets
Armour
 c - a +0 helmet (worn)
 e - a +0 cloak (worn)
 k - a +0 robe (worn)
 m - a +0 leather armour of cold resistance
 x - a +0 buckler (worn)
 C - a +2 pair of gloves (worn)
 F - a +2 pair of boots (worn)
Jewellery
 l - a ring of ice
 o - a +4 ring of protection (left hand)
 q - a ring of protection from cold
Wands
 d - a wand of charming (10)
 g - a wand of roots (5)
Scrolls
 b - 2 scrolls of butterflies
 i - 5 scrolls of revelation
 n - a scroll of amnesia
 r - a scroll of identify
 y - 4 scrolls of teleportation
 z - a scroll of vulnerability
 B - a scroll of noise
Potions
 f - 2 potions of lignification
 h - 4 potions of curing
 j - 3 potions of brilliance
 p - 2 potions of might
 s - 5 potions of haste
 t - 3 potions of mutation
 u - a potion of invisibility {unknown}
 v - 3 potions of attraction
 w - 3 potions of enlightenment
 A - a potion of heal wounds
 E - 2 potions of magic
 G - 10 potions of degeneration


   Skills:
 + Level 7.3 Short Blades
 - Level 3.0 Dodging
 - Level 6.0 Stealth
 - Level 5.0 Shields
 + Level 6.9 Spellcasting
 - Level 7.0 Conjurations
 - Level 0.7 Transmutations
 - Level 10.0 Earth Magic


You had 19 spell levels left.
You knew the following spells:

 Your Spells              Type           Power      Damage    Failure   Level
a - Sandblast             Erth           92%        2d19      1%          1
b - Stone Arrow           Conj/Erth      80%        3d12      1%          3

Your spell library contained the following spells:

 Spells                   Type           Power      Damage    Failure   Level
 Passwall                 Tmut/Erth      23%        N/A       1%          2
 Brom's Barrelling Bould  Conj/Erth      40%        2d6       3%          4
 Hailstorm                Conj/Ice       20%        3d6       9%          3
 Freeze                   Ice            24%        1d4       13%         1
 Petrify                  Tmut/Erth      28%        N/A       14%         4
 Frozen Ramparts          Ice            12%        1d2       36%         3
 Borgnjor's Vile Clutch   Necr/Erth      13%        N/A       41%         5
 Irradiate                Conj/Tmut      11%        3d15      56%         5
 Animate Dead             Necr           6%         N/A       77%         4
 Death Channel            Necr           3%         N/A       100%        6
 Sublimation of Blood     Necr           Unusable   N/A       N/A         2

Dungeon Overview and Level Annotations

Branches:
Dungeon (10/15)            Temple (0/1) D:7             Orc (0/2) D:10
  Sewer (visited)         Ossuary (visited)
   Lair: D:8-11

Altars:
Dithmenos
Fedhas
Gozag
Hepliaklqana
Sif Muna
Trog
Uskayaw
Vehumet
The Shining One

Shops:
D:5 *   D:8 *   D:9 =!?(?


Innate Abilities, Weirdness & Mutations

You are immune to sickness and miasma.
Your stone body is resilient. (AC +8)
You are immune to poison.
You resist negative energy. (rN+)
You are resistant to electric shocks. (rElec)
You are resistant to unholy torment.
You are immune to petrification.


Message History

The gargoyle is lightly damaged.
The gargoyle closely misses you. The gargoyle hits you with a +0 mace!
Casting: Sandblast (safe; 1% risk of failure)
Confirm with . or Enter, or press ? or * to list all spells.
Aiming: Sandblast (safe; 1% risk of failure)
Press: ? - help, Shift-Dir - straight line, f/p - gargoyle
Aim: a gargoyle, wielding a +0 mace (lightly damaged, 93% to hit)
The blast of sand hits the gargoyle but does no damage.
The gargoyle is lightly damaged.
The gargoyle hits you with a +0 mace!
* * * LOW HITPOINT WARNING * * *
Casting: Sandblast (safe; 1% risk of failure)
Confirm with . or Enter, or press ? or * to list all spells.
Okay, then.
You feel very mighty all of a sudden. You block the gargoyle's attack.
You hit the gargoyle but do no damage. x2
The gargoyle is lightly damaged.
The gargoyle hits you with a +0 mace.
* * * LOW HITPOINT WARNING * * *
You hit the gargoyle but do no damage. x2
The gargoyle is lightly damaged.
The gargoyle barely misses you.
You puncture the gargoyle! You freeze the gargoyle.
You hit the gargoyle but do no damage.
The gargoyle is moderately damaged.
The gargoyle hits you but does no damage.
You hit the gargoyle. You freeze the gargoyle. You hit the gargoyle.
You freeze the gargoyle.
The gargoyle is severely damaged.
The gargoyle hurls a stone arrow at you.
The stone arrow hits you but does no damage.
You hit the gargoyle. You freeze the gargoyle. You barely miss the gargoyle.
The gargoyle is almost destroyed.
The gargoyle barely misses you.
You closely miss the gargoyle. You hit the gargoyle but do no damage.
The gargoyle is almost destroyed.
The gargoyle hurls a stone arrow at you.
The stone arrow hits you!!
You die...

......# #####.# .#
#.# .# #.# #.### .#
#.# #.#.. .# #.#
#.#.# ## #.# #.#.# #
#.# # #.#9###.# #
#.# #.#..@....# #
#.# #.#...#####. #
#.# #...........# #
#.########.#########
# #........#.# #
########.#.# # #.#.#
#...# ###.#


You could see a gargoyle.

Levels and vault maps discovered:
D:1:      wander_arrival_chamber, layout_basic, minmay_gold_behind_fungi,
          minivault_27
D:2:      layout_loops_ring, uniq_sigmund
D:3:      layout_loops_cross, fedhas_altar_fruit_tree, tso_oasis_becter,
          chequers_temple_overflow_minitemple
D:4:      minmay_opposing_rooms, layout_layer_cave, portal_sewer_entry_b,
          nicolae_ossuary_entry_ruins, st_stairs_11, uniq_menkaure
D:5:      layout_basic, serial_shops, shop, uniq_edmund
D:6:      layout_loops_ring
D:7:      layout_loops_cross, xom_shifter_show,
          minmay_temple_entry_glassed_door, minmay_misc_feat_room
D:8:      layout_cave_pods, kennysheep_little_box, kennysheep_cross_room,
          minmay_shop_damaged
D:9:      layout_roguey, grunt_gozag_statues, serial_shops, shop,
          nicolae_shop_window_shopping, shop, nicolae_shop_window_shopping,
          nicolae_square_shop
D:10:     layout_basic, lair_entry_dummy, erik_orc_1

Notes
Turn   | Place    | Note
-------+----------+-------------------------------------------
     0 | D:1      | tbh1313 the Gargoyle Earth Elementalist began the quest for
                  | the Orb.
     0 | D:1      | Reached XP level 1. HP: 10/10 MP: 3/3
   142 | D:1      | Reached skill level 4 in Earth Magic
   181 | D:1      | Reached XP level 2. HP: 15/15 MP: 3/5
   593 | D:1      | You fall into a shaft and drop 1 floor!
   641 | D:2      | Reached XP level 3. HP: 19/19 MP: 3/6
   967 | D:2      | Learned a level 3 spell: Stone Arrow
   975 | D:2      | Reached skill level 1 in Short Blades
  1011 | D:2      | Reached skill level 5 in Earth Magic
  1011 | D:2      | Reached XP level 4. HP: 24/24 MP: 4/7
  1011 | D:2      | Noticed Sigmund
  1628 | D:2      | Killed Sigmund
  1629 | D:2      | Reached skill level 6 in Earth Magic
  1629 | D:2      | Reached XP level 5. HP: 28/28 MP: 6/8
  1629 | D:2      | Reached XP level 6. HP: 32/32 MP: 6/9
  2447 | D:3      | Found a blossoming altar of Fedhas.
  2544 | D:3      | Found a glowing golden altar of the Shining One.
  2679 | D:3      | Found a hazy altar of Hepliaklqana.
  2679 | D:3      | Found a shadowy altar of Dithmenos.
  2687 | D:3      | Found a hide-covered altar of Uskayaw.
  2689 | D:3      | Found a shimmering blue altar of Sif Muna.
  2691 | D:3      | Found a bloodstained altar of Trog.
  2853 | D:3      | Became a worshipper of Sif Muna the Loreminder
  3187 | D:4      | Found a sand-covered staircase.
  3196 | Ossuary  | Entered an ossuary
  3216 | Ossuary  | Reached skill level 7 in Earth Magic
  3216 | Ossuary  | Reached XP level 7. HP: 16/36 MP: 0/10
  3438 | D:4      | Reached * piety under Sif Muna
  3509 | D:4      | Found a glowing drain.
  3552 | Sewer    | Entered a sewer
  4162 | D:4      | Reached skill level 1 in Conjurations
  4162 | D:4      | Reached skill level 8 in Earth Magic
  4181 | D:4      | Reached ** piety under Sif Muna
  4683 | D:4      | Noticed Menkaure
  4686 | D:4      | Killed Menkaure
  4687 | D:4      | Reached skill level 9 in Earth Magic
  4687 | D:4      | Reached XP level 8. HP: 41/41 MP: 8/11
  5364 | D:5      | Entered Level 5 of the Dungeon
  5407 | D:5      | Reached skill level 1 in Shields
  5500 | D:5      | Found Cidghug's General Store.
  5504 | D:5      | Bought a scroll of noise for 10 gold pieces
  5504 | D:5      | Bought a potion of haste for 100 gold pieces
  5637 | D:5      | Reached skill level 10 in Earth Magic
  5779 | D:5      | Noticed Edmund
  5787 | D:5      | Killed Edmund
  6106 | D:5      | Noticed a wyvern
  6108 | D:5      | Killed a wyvern
  6109 | D:5      | Reached skill level 5 in Shields
  6197 | D:5      | Reached XP level 9. HP: 45/45 MP: 9/12
  7345 | D:7      | Reached skill level 5 in Conjurations
  7385 | D:7      | Reached *** piety under Sif Muna
  7784 | D:7      | Found a shimmering altar of Xom.
  7784 | D:7      | Found a shimmering altar of Xom.
  7785 | D:7      | Found a shimmering altar of Xom.
  7932 | D:7      | Found a staircase to the Ecumenical Temple.
  7954 | D:7      | Reached skill level 5 in Spellcasting
  8078 | D:7      | Noticed an eye of devastation
  8078 | D:7      | Noticed a troll
  8599 | D:8      | Reached skill level 5 in Stealth
  8648 | D:8      | Found Ehuufa Kodd's Lightly-Used Armoury.
  8655 | D:8      | Bought a -1 quick blade for 100 gold pieces
  8742 | D:8      | Found a radiant altar of Vehumet.
  8785 | D:8      | Reached XP level 10. HP: 42/50 MP: 14/17
  9299 | D:9      | Noticed a kobold demonologist
  9303 | D:9      | Noticed a sun demon
  9304 | D:9      | HP: 1/50 [sun demon[a kobold demonologist] (19)]
  9306 | D:9      | Killed a kobold demonologist
  9307 | D:9      | Reached skill level 5 in Short Blades
  9453 | D:9      | Found an opulent altar of Gozag.
  9511 | D:9      | Found Xuzimmong's Magic Scroll Shop.
  9597 | D:9      | Bought a scroll of brand weapon for 123 gold pieces
  9816 | D:9      | Found Maecih's Distillery.
  9828 | D:9      | Bought a potion of enlightenment for 75 gold pieces
  9839 | D:9      | Found Jieni's Weapon Shop.
  9909 | D:9      | Found Fuuwnam's Magic Scroll Shop.
  9915 | D:9      | Bought a scroll of brand weapon for 133 gold pieces
  9960 | D:9      | Found Logur's Jewellery Boutique.
  9973 | D:9      | Noticed a kobold demonologist
  9973 | D:9      | Noticed a kobold demonologist
  9978 | D:9      | Killed a kobold demonologist
  9981 | D:9      | Killed a kobold demonologist
 10398 | D:10     | Entered Level 10 of the Dungeon
 10666 | D:10     | Found a staircase to the Orcish Mines.
 10681 | D:10     | Reached **** piety under Sif Muna
 10774 | D:10     | Reached XP level 11. HP: 44/54 MP: 17/21
 10987 | D:10     | Killed from afar by a gargoyle

Table legend: (Time is in decaauts)
 A = Elapsed time spent in this place.
 B = Non-inter-level travel time spent in this place.
 C = Inter-level travel time spent in this place.
 D = Time resting spent in this place.
 E = Time spent auto-exploring this place.
 F = Levels seen in this place.
 G = Mean time per level.
                   A        B        C        D        E       F      G
               +--------+--------+--------+--------+--------+-----+--------+
         Total |  11188 |  10772 |    416 |   1370 |   7631 |  12 |  932.3 |
       Dungeon |  10625 |  10209 |    416 |   1256 |   7335 |  10 | 1062.5 |
         Sewer |    339 |    339 |      0 |      7 |    259 |   1 |  339.0 |
       Ossuary |    223 |    223 |      0 |    107 |     37 |   1 |  223.0 |
               +--------+--------+--------+--------+--------+-----+--------+

Top non-repeatable levels by time:
     D:4: 1822 daAuts
     D:9: 1190 daAuts
     D:1: 1157 daAuts
     D:3: 1072 daAuts
     D:5: 1033 daAuts
     D:8: 996 daAuts
     D:6: 956 daAuts
     D:7: 939 daAuts
     D:2: 849 daAuts
    D:10: 607 daAuts
   Sewer: 339 daAuts
 Ossuary: 223 daAuts

Table legend:
 A = Kills in this place as a percentage of kills in the entire game.
 B = Kills by you in this place as a percentage of kills by you in the entire game.
 C = Kills by friends in this place as a percentage of kills by friends in the entire game.
 D = Other kills in this place as a percentage of other kills in the entire game.
 E = Experience gained in this place as a percentage of experience gained in the entire game.
 F = Experience gained in this place divided by the number of levels of this place that you have seen.
                   A       B       C       D       E      F
               +-------+-------+-------+-------+-------+----------------------
         Total | 100.0 | 100.0 |   N/A |   N/A | 100.0 | 803.2
       Dungeon |  91.7 |  91.7 |   N/A |   N/A |  97.4 | 939.1
         Sewer |   5.3 |   5.3 |   N/A |   N/A |   0.7 |  67.0
       Ossuary |   3.0 |   3.0 |   N/A |   N/A |   1.9 | 181.0
               +-------+-------+-------+-------+-------+----------------------

Action                     |  1- 3 |  4- 6 |  7- 9 | 10-12 || total
---------------------------+-------+-------+-------+-------++-------
  Melee: Unarmed           |     2 |       |       |       ||     2
         Dagger            |    15 |   114 |   202 |       ||   331
         Punch             |       |     3 |     2 |       ||     5
         Quick blade       |       |       |     4 |   110 ||   114
   Fire: Sling             |     3 |       |       |       ||     3
   Cast: Sandblast         |    35 |    62 |   180 |   112 ||   389
         Stone Arrow       |       |       |     1 |       ||     1
    Use: Scroll            |     3 |     7 |    11 |     5 ||    26
         Potion            |       |     1 |     1 |     2 ||     4
   Stab: Sleeping          |       |     7 |     2 |     2 ||    11
 Armour: Robe              |    21 |   101 |   125 |   119 ||   366
  Dodge: Dodged            |    18 |   128 |   134 |    82 ||   362
  Block: Buckler           |       |       |    37 |    45 ||    82

Vanquished Creatures
  3 kobold demonologists (D:9)
  Sigmund (D:2)
  6 yaks
  3 wyverns
  2 steam dragons
  Menkaure (D:4)
  2 vampire mosquitoes (D:10)
  Edmund (D:5)
  A water moccasin (D:5)
  A swamp drake (D:10)
  4 orc warriors
  2 sky beasts (D:8)
  2 ice beasts
  2 ogres
  3 centaurs
  2 kobold brigands
  2 gnoll sergeants
  3 bullfrogs
  2 scorpions
  10 killer bees
  4 howler monkeys
  2 centaur zombies (Ossuary)
  A gnoll bouda (D:4)
  3 jellies
  4 orc priests
  3 iguanas
  2 sleepcaps
  14 orc wizards
  5 mummies (Ossuary)
  10 adders
  20 gnolls
  A shadow imp (D:6)
  A white imp (D:8)
  2 worms
  2 dart slugs
  44 orcs
  6 endoplasms
  8 giant cockroaches
  10 goblins
  14 hobgoblins
  A jackal (D:4)
  14 kobolds
  5 quokkas
  12 ball pythons
  4 bats
  10 frilled lizards
  A hobgoblin zombie (Ossuary)
  8 rats
264 creatures vanquished.

Vanquished Creatures (others)
  An orc (D:10)
1 creature vanquished.

Grand Total: 265 creatures vanquished
